[Event "ICC tourney 1910 (25 10)"]
[Site "Internet Chess Club"]
[Date "2020.07.11"]
[Round "5"]
[White "jesse3chess"]
[Black "Supersamraat"]
[Result "1/2-1/2"]
[ICCResult "Game drawn by repetition"]
[WhiteElo "1458"]
[BlackElo "1507"]
[Opening "French: Steinitz, Boleslavsky variation"]
[ECO "C11"]
[NIC "FR.04"]
[Time "19:11:55"]
[TimeControl "1500+10"]

1. e4 e6 2. d4 d5 3. Nc3 Nf6 4. e5 Nfd7 5. f4 c5 6. Nf3 Nc6 7. Be3 Qb6 8.
Be2 a6 9. b3 cxd4 10. Nxd4 Bc5 11. Na4 Qa5+ 12. c3 Bxd4 13. Bxd4 b5 14. Nb2
Nxd4 15. Qxd4 Qb6 16. O-O Bb7 17. Qxb6 Nxb6 18. c4 bxc4 19. bxc4 dxc4 20.
Nxc4 Nxc4 21. Bxc4 Rc8 22. Rfc1 Ke7 23. Rab1 Rc7 24. Bf1 Rxc1 25. Rxc1 Rc8
26. Rxc8 Bxc8 27. Kf2 Kd7 28. Ke3 Kc6 29. Kd4 Kb6 30. Bd3 h6 31. Be4 Bd7 32.
g3 Bb5 33. Bc2 Bc6 34. Bb3 Bd7 35. Kc4 Bc6 36. Kd4 Bd7 37. Kc4 g6 38. Kb4
Bc6 39. Ba4 Bxa4 40. Kxa4 a5 41. Kb3 Kb5 42. a4+ Kc5 43. Kc3 Kd5 44. Kd3 g5
45. h3 gxf4 46. gxf4 h5 47. h4 Kc5 48. Kc3 Kd5 49. Kd3 Kc5 50. Kc3 Kd5 51.
Kd3 Kc5 {Game drawn by repetition} 1/2-1/2